 Dungeon Crawl Stone Soup version 0.23-a0-644-gb60d84b (webtiles) character file.

125 Borgoz the Ruffian (level 5, -9/42 HPs)
             Began as a Ghoul Gladiator on Jan 1, 2019.
             Killed by divine providence
             ... invoked by an orc priest
              (16 damage)
             ... on level 3 of the Dungeon.
             The game lasted 00:02:57 (1637 turns).

Borgoz the Ruffian (Ghoul Gladiator)                Turns: 1637, Time: 00:02:57

Health: -9/42      AC:  4    Str: 18    XL:     5   Next: 9%
Magic:  4/4        EV: 13    Int:  3    God:
Gold:   142        SH:  0    Dex: 11    Spells: 4/4 levels left

rFire    . . .     SeeInvis .     - Unarmed
rCold    + . .     Gourm    .   (no shield)
rNeg     + + +     Faith    .   a - +0 leather armour
rPois    ∞         Spirit   .   b - +0 helmet
rElec    .         Reflect  .   (no cloak)
rCorr    .         Harm     .   (no gloves)
MR       .....                  (no boots)
Stlth    +.........             (no amulet)
HPRegen  0.00/turn              (no ring)
MPRegen  0.09/turn              (no ring)

@: rotting, hasted, very quick
A: rotting body, claws 1, carnivore, cold resistance 1, negative energy
resistance 3, inhibited regeneration, torment resistance, unbreathing
a: no special abilities


You were on level 3 of the Dungeon.
You were not hungry.

You visited 1 branch of the dungeon, and saw 3 of its levels.

You collected 142 gold pieces.

Inventory:

Missiles
 c - 3 throwing nets (quivered)
Armour
 a - a +0 leather armour (worn)
 b - a +0 helmet (worn)
Scrolls
 k - a scroll of amnesia {unknown}
 l - 2 scrolls of identify {unknown}
 m - 2 scrolls of remove curse {unknown}
Potions
 e - a potion of magic {unknown}
 g - 2 potions of mutation {unknown}
 h - 3 potions of haste
 i - 3 potions of agility {unknown}
 j - 3 potions of curing {unknown}
 n - a potion of invisibility {unknown}
Comestibles
 d - 8 rations
 f - 6 chunks of flesh


   Skills:
 + Level 2.6 Fighting
 + Level 1.8 Throwing
 + Level 1.4 Armour
 + Level 3.4 Dodging
 + Level 4.9 Unarmed Combat


You had 4 spell levels left.
You didn't know any spells.
Your spell library was empty.

Dungeon Overview and Level Annotations

Branches:
Dungeon (3/15)

Altars:


Innate Abilities, Weirdness & Mutations

Your body is rotting away.
You thrive on raw meat.
You are immune to poison.
You have sharp fingernails.
You are carnivorous and can eat meat at any time.
Your flesh is cold resistant. (rC+)
You are immune to negative energy. (rN+++)
You do not regenerate when monsters are visible.
You are immune to unholy pain and torment.
You can survive without breathing.


Message History

It was a potion of haste.
You feel yourself speed up. The bat misses you.
The bat hits you but does no damage.
The hobgoblin hits you but does no damage.
The rat bites you but does no damage.
An orc comes into view. It is wielding a +0 short sword.
The adder bites you but does no damage.
The orc priest hits you but does no damage.
Okay, then.
The orc shouts!
You scratch the bat.
You kill the bat!
The adder closely misses you.
The hobgoblin hits you but does no damage.
An orc comes into view. It is wielding a +0 hand axe.
The rat closely misses you. The orc closely misses you.
A goblin comes into view.
The adder closely misses you. The rat misses you.
The orc priest invokes the aid of Beogh against you.
Beogh smites you!
You die...

#........$.....
#......o.......
#..............
#..............
#.....)).......
......Sorg......
..#####o#####...
#..(...........#
#...@.###......#
#.....# #......#
#.....# #......#
#.....###......###
#####.÷##.........
##†##......#
#..........# ..
##...##.....# #.#
.......##.###.#
#.#


You could see an orc priest, an adder and 2 orcs.

Vanquished Creatures
  A gnoll (D:1)
  3 adders
  2 oozes
  5 worms (D:2)
  2 leopard geckos
  4 orcs (D:3)
  A ball python (D:2)
  7 bats
  3 giant cockroaches
  9 goblins
  7 hobgoblins
  5 kobolds
  A quokka (D:2)
  3 frilled lizards
  5 rats
58 creatures vanquished.

Notes
Turn   | Place    | Note
-------+----------+-------------------------------------------
     0 | D:1      | Borgoz the Ghoul Gladiator began the quest for the Orb.
     0 | D:1      | Reached XP level 1. HP: 17/17 MP: 0/0
    78 | D:1      | Reached XP level 2. HP: 12/24 MP: 1/1
   533 | D:1      | Reached XP level 3. HP: 30/30 MP: 2/2
   950 | D:2      | Reached skill level 4 in Unarmed Combat
  1049 | D:2      | Reached skill level 1 in Armour
  1084 | D:2      | Reached XP level 4. HP: 12/37 MP: 3/3
  1621 | D:3      | Reached XP level 5. HP: 34/42 MP: 4/4
  1637 | D:3      | Killed from afar by an orc priest

Vault maps used:
D:1:      lemuel_arrival_cross
D:2:      hangedman_abyss_or_decor_stabs
D:3:      serial_bayou_pond_e, cheibriados_altar_1

Skill      XL: |  1  2  3 |
---------------+----------+-----
Dodging        | 3 |  3.4
Unarmed Combat | 4 |  4.9
Armour         | 1 |  1.4
Fighting       | |  2.6
Throwing       | |  1.8

Action                   |  1- 3 |  4- 6 || total
-------------------------+-------+-------++-------
Melee: Unarmed           |   106 |    94 ||   200
       Punch             |     1 |     1 ||     2
  Use: Potion            |       |     1 ||     1
  Eat: Chunk             |     8 |    16 ||    24
Armor: Leather armour    |    43 |    26 ||    69
Dodge: Dodged            |    82 |    79 ||   161

Table legend:
 A = Non-vault XP
 B = Vault XP
 C = Vault XP percentage of total XP
 D = Non-vault monster count
 E = Vault monster count
 F = Vault count percentage of total count
                 A         B        C        D         E       F
            +---------+---------+-------+---------+---------+-------
      Total |     179 |       0 |   0.0 |      58 |       0 |   0.0
            +---------+---------+-------+---------+---------+-------
        D:1 |      39 |       0 |   0.0 |      13 |       0 |   0.0
        D:2 |      91 |       0 |   0.0 |      28 |       0 |   0.0
        D:3 |      49 |       0 |   0.0 |      17 |       0 |   0.0
            +---------+---------+-------+---------+---------+-------
